 Dungeon Crawl Stone Soup version 0.16.1-29-g3e760ad (webtiles) character file.

87 sscrono2 the Ruffian (level 4, 0/41 HPs)
             Began as a Hill Orc Monk on June 9, 2015.
             Was a Follower of Beogh.
             Slain by sscrono2's ghost (10 damage)
             ... on level 3 of the Dungeon.
             The game lasted 00:11:27 (2318 turns).

sscrono2 the Ruffian (Hill Orc Monk)                Turns: 2318, Time: 00:11:27

Health: 0/41       AC:  3    Str: 14    XL:     4   Next: 51%
Magic:  2/4        EV: 12    Int: 10    God:    Beogh [*.....]
Gold:   138        SH:  0    Dex: 13    Spells: 0 memorised, 3 levels left

rFire  . . .     SeeInvis .       - Unarmed
rCold  . . .     Clarity  .     e - +0 leather armour
rNeg   . . .     SustAb   .     (no shield)
rPois  .         Gourm    .     (no helmet)
rElec  .         Spirit   .     (no cloak)
rCorr  .         Warding  .     (no gloves)
rMut   .         Stasis   .     (no boots)
MR     .....                    (no amulet)
Stlth  ++........               (no ring)
                                (no ring)

@: not resistant to hostile enchantments, unstealthy
A: no striking features
a: Renounce Religion


You were on level 3 of the Dungeon.
You worshipped Beogh.
Beogh was aware of your devotion.
You were not hungry.

You visited 1 branch of the dungeon, and saw 3 of its levels.

You collected 138 gold pieces.

Inventory:

Armour
 a - a +0 robe
 e - a +0 leather armour (worn)
 o - a +0 robe
Scrolls
 b - a scroll of enchant armour {unknown}
 h - 2 scrolls of remove curse {unknown}
 k - a scroll of fog {unknown}
 l - 3 scrolls of identify {unknown}
 m - a scroll of immolation {unknown}
 r - a scroll of magic mapping {unknown}
Potions
 c - 2 potions of restore abilities {unknown}
 g - 3 potions of heal wounds {unknown}
 i - a potion of haste {unknown}
 j - a potion of lignification {unknown}
 n - a potion of brilliance {unknown}
 q - 2 potions of might {unknown}
Comestibles
 d - 2 bread rations
 f - a royal jelly
 p - 8 fruits


   Skills:
 + Level 4.4 Fighting
 + Level 0.9 Armour
 + Level 2.8 Dodging
 - Level 1.5 Stealth
 * Level 5.4 Unarmed Combat


You had 3 spell levels left.
You didn't know any spells.

Dungeon Overview and Level Annotations

Branches:
Dungeon (3/15)

Altars:
Gozag
Makhleb
Nemelex Xobeh
Okawaru

Annotations:
D:3 sscrono2's ghost, average HOMo


Message History

Sscrono2's ghost barely misses you.
You hit sscrono2's ghost.
Sscrono2's ghost is heavily damaged.
Sscrono2's ghost closely misses you.
You closely miss sscrono2's ghost.
Sscrono2's ghost is heavily damaged.
Sscrono2's ghost hits you but does no damage.
You hit sscrono2's ghost. Your punch misses sscrono2's ghost.
Sscrono2's ghost is severely damaged.
Sscrono2's ghost barely misses you.
You hit sscrono2's ghost but do no damage.
Sscrono2's ghost is severely damaged.
Sscrono2's ghost hits you.
* * * LOW HITPOINT WARNING * * *
You closely miss sscrono2's ghost.
Sscrono2's ghost is severely damaged.
You hit sscrono2's ghost.
Sscrono2's ghost is severely damaged.
Sscrono2's ghost hits you!
You die...

#..# ..# #..# ..# #..#
..# #..########### #.#
#............# #.#
##.#########.# #.# #.#
#..# #.## #.#
#.######..## #.#
#.##.@W....# #.#
#.##.###...# #.#
#.##.###...# #.#
##.##.##....# #.#
#####...#.##..#.##
#.............>......#
#####...#........#
........###.###.#
#####.#.# #.# .#


You could see sscrono2's ghost.

Vanquished Creatures
  3 adders
  3 giant geckos
  5 orcs (D:3)
  7 bats
  6 giant cockroaches
  4 goblins
  5 hobgoblins
  4 jackals (D:1)
  A quokka (D:3)
  4 giant newts
  5 kobolds (D:1)
  A quokka zombie (D:3)
  5 rats
53 creatures vanquished.

Vanquished Creatures (others)
  A giant newt (D:3)
1 creature vanquished.

Grand Total: 54 creatures vanquished

Notes
Turn   | Place    | Note
--------------------------------------------------------------
     0 | D:1      | sscrono2, the Hill Orc Monk, began the quest for the Orb.
     0 | D:1      | Reached XP level 1. HP: 19/19 MP: 1/1
   210 | D:1      | Reached XP level 2. HP: 2/27 MP: 2/2
   675 | D:1      | Reached skill level 5 in Unarmed Combat
   776 | D:1      | Reached XP level 3. HP: 28/33 MP: 3/3
  1306 | D:2      | Found an opulent altar of Gozag.
  1587 | D:2      | Found a sparkling altar of Nemelex Xobeh.
  1591 | D:2      | Found a burning altar of Makhleb.
  1596 | D:2      | Found an iron altar of Okawaru.
  1800 | D:2      | Found an iron altar of Okawaru.
  2088 | D:3      | Reached XP level 4. HP: 32/41 MP: 4/4
  2131 | D:3      | Became a worshipper of Beogh the Brigand
  2131 | D:3      | Acquired Beogh's first power
  2131 | D:3      | Acquired Beogh's second power
  2270 | D:3      | Noticed sscrono2's ghost (average HOMo)
  2318 | D:3      | Slain by sscrono2's ghost

Action                   |  1- 3 |  4- 6 || total
-------------------------+-------+-------++-------
Melee: Unarmed           |   192 |    70 ||   262
Invok: Smiting           |       |     2 ||     2
       Convert to Beogh  |       |     1 ||     1
 Stab: Sleeping          |     4 |       ||     4
  Eat: Meat ration       |     1 |       ||     1
